NYP
LOS ANGELES (NYP) DODGERS @ TRI-CITY DUST DEVILS
04/06/2044
 
TOP OF THE 1ST
Los Angeles (NYP) Dodgers batting - Pitching for Tri-City Dust Devils : RHP Sean Fowler
Pitching: RHP Sean Fowler
Batting: RHB Mario Mejia 0-0: Ball
1-0: Ground out 6-3 (Groundball, 6MD, EV 88.8 MPH)
Batting: RHB Leo Cuellar 0-0: Called Strike
0-1: Ball
1-1: Ball
2-1: Ball
3-1: Called Strike
3-2: Ground out 5-3 (Groundball, 56S, EV 88.1 MPH)
Batting: RHB John Piccolo 0-0: Ball
1-0: SINGLE (Flyball, 5D, EV 88.1 MPH)
Batting: LHB Kippy McGrath 0-0: Ball
1-0: Ball
2-0: Foul Ball, location: 2F
2-1: Ball
3-1: Base on Balls
John Piccolo to second
Batting: SHB Chris Ackerson 0-0: Called Strike
0-1: Ball
1-1: Ball
2-1: Fly out, F9 (Flyball, 9, EV 96.9 MPH)
Top of the 1st over - 0 runs, 1 hit, 0 errors, 2 left on base; Los Angeles (NYP) 0 - Tri-City 0
BOTTOM OF THE 1ST
Tri-City Dust Devils batting - Pitching for Los Angeles (NYP) Dodgers : LHP Justin Pirie
Pitching: LHP Justin Pirie
Batting: RHB Ruben Luis 0-0: Foul Ball, location: 2F
0-1: Ball
1-1: Ground out 5-3 (Groundball, 56, EV 106.9 MPH)
Batting: RHB Ryan Tatum 0-0: Ball
1-0: Called Strike
1-1: Fly out, F7 (Flyball, 78M, EV 90.0 MPH)
Batting: LHB Frank McConnell 0-0: Called Strike
0-1: Ball
1-1: Foul Ball, location: 2F
1-2: Ball
2-2: Ball
3-2: Base on Balls
Batting: RHB Tom Tate 0-0: Ball
Frank McConnell steals 2nd base (no throw)
1-0: Reached on error, E2 (Groundball, 15S, EV 71.2 MPH)
Frank McConnell to third
Batting: RHB Derrick Abrams 0-0: Ball
1-0: Swinging Strike
1-1: Ball
2-1: Ground out 4-3 (Groundball, 4, EV 104.4 MPH)
Bottom of the 1st over - 0 runs, 0 hits, 1 error, 2 left on base; Los Angeles (NYP) 0 - Tri-City 0
TOP OF THE 2ND
Los Angeles (NYP) Dodgers batting - Pitching for Tri-City Dust Devils : RHP Sean Fowler
Batting: LHB Bobby Gambrell 0-0: Ball
1-0: Foul Ball, location: 2F
1-1: Ball
2-1: Ball
3-1: Fly out, F7 (Line Drive, 7, EV 104.4 MPH)
Batting: LHB Fernando Amaya 0-0: Fly out, F8 (Flyball, 8LS, EV 79.4 MPH)
Batting: RHB Eddie Perry 0-0: Called Strike
0-1: Called Strike
0-2: Ball
1-2: Strikes out swinging
Top of the 2nd over - 0 runs, 0 hits, 0 errors, 0 left on base; Los Angeles (NYP) 0 - Tri-City 0
BOTTOM OF THE 2ND
Tri-City Dust Devils batting - Pitching for Los Angeles (NYP) Dodgers : LHP Justin Pirie
Batting: RHB Joe Weissman 0-0: Called Strike
0-1: Ball
1-1: Foul Ball, location: 2F
1-2: Foul Ball, location: 2F
1-2: Ball
2-2: Ball
3-2: Foul Ball, location: 2F
3-2: Foul Ball, location: 2F
3-2: Strikes out swinging, 2-3 out at first.
Batting: SHB Ryan Brown 0-0: Called Strike
0-1: Ball
1-1: Ground out 6-3 (Groundball, 6S, EV 68.1 MPH)
Batting: RHB Ron Major 0-0: Ground out U3 (Groundball, 3S, EV 88.1 MPH)
Bottom of the 2nd over - 0 runs, 0 hits, 0 errors, 0 left on base; Los Angeles (NYP) 0 - Tri-City 0
TOP OF THE 3RD
Los Angeles (NYP) Dodgers batting - Pitching for Tri-City Dust Devils : RHP Sean Fowler
Batting: RHB Jonathan Quijada 0-0: Ball
1-0: Ball
2-0: Ball
3-0: Called Strike
3-1: Called Strike
3-2: Foul Ball, location: 2F
3-2: SOLO HOME RUN (Flyball, 78XD, EV 98.1 MPH), Distance : 396 ft
Batting: RHB Mario Mejia 0-0: Foul Ball, location: 2F
0-1: Ball
1-1: Ball
2-1: Ball
3-1: Ground out 5-3 (Groundball, 5, EV 101.9 MPH)
Batting: RHB Leo Cuellar 0-0: Called Strike
0-1: Called Strike
0-2: Foul Ball, location: 2F
0-2: Ball
1-2: Ground out 6-3 (Groundball, 6, EV 100.0 MPH)
Batting: RHB John Piccolo 0-0: Swinging Strike
0-1: Ground out 5-3 (Groundball, 56S, EV 71.2 MPH)
Top of the 3rd over - 1 run, 1 hit, 0 errors, 0 left on base; Los Angeles (NYP) 1 - Tri-City 0
BOTTOM OF THE 3RD
Tri-City Dust Devils batting - Pitching for Los Angeles (NYP) Dodgers : LHP Justin Pirie
Batting: RHB Brent Little 0-0: Ball
1-0: Swinging Strike
1-1: Ground out 5-3 (Groundball, 5S, EV 82.5 MPH)
Batting: RHB Ruben Luis 0-0: Ball
1-0: Ball
2-0: Foul Ball, location: 2F
2-1: Foul Ball, location: 2F
2-2: SINGLE (Line Drive, 34, EV 106.9 MPH)
Batting: RHB Ryan Tatum 0-0: Ball
Ruben Luis steals 2nd base
1-0: Ground out 5-3 (Groundball, 5, EV 104.4 MPH)
Batting: LHB Frank McConnell 0-0: Ground out U3 (Groundball, 3, EV 93.1 MPH)
Bottom of the 3rd over - 0 runs, 1 hit, 0 errors, 1 left on base; Los Angeles (NYP) 1 - Tri-City 0
TOP OF THE 4TH
Los Angeles (NYP) Dodgers batting - Pitching for Tri-City Dust Devils : RHP Sean Fowler
Batting: LHB Kippy McGrath 0-0: Ground out 5-3 (Groundball, 56S, EV 87.5 MPH)
Batting: SHB Chris Ackerson 0-0: Called Strike
0-1: Ball
1-1: Called Strike
1-2: Ball
2-2: SINGLE (Line Drive, 8LS, EV 93.8 MPH)
Batting: LHB Bobby Gambrell 0-0: Called Strike
0-1: Ball
1-1: Fielders Choice at 2nd, 2-6 (Groundball, 13S, EV 71.2 MPH)
Batting: LHB Fernando Amaya 0-0: Ball
1-0: Swinging Strike
1-1: Ball
2-1: Ball
3-1: Foul Ball, location: 2F
3-2: Strikes out looking
Top of the 4th over - 0 runs, 1 hit, 0 errors, 1 left on base; Los Angeles (NYP) 1 - Tri-City 0
BOTTOM OF THE 4TH
Tri-City Dust Devils batting - Pitching for Los Angeles (NYP) Dodgers : LHP Justin Pirie
Batting: RHB Tom Tate 0-0: Called Strike
0-1: Ball
1-1: Ball
2-1: SINGLE (Groundball, 25, EV 63.8 MPH) (infield hit)
Batting: RHB Derrick Abrams 0-0: Called Strike
0-1: Swinging Strike
0-2: Strikes out swinging
Batting: RHB Joe Weissman 0-0: Called Strike
0-1: Ball
1-1: Foul Ball, location: 2F
1-2: Foul Ball, location: 2F
1-2: Foul Ball, location: 2F
1-2: SINGLE (Line Drive, 89S, EV 105.0 MPH)
Tom Tate to second
Batting: SHB Ryan Brown 0-0: Called Strike
0-1: Ball
Wild Pitch!
Tom Tate to third
Joe Weissman to second
1-1: Ball
2-1: Ball
3-1: Base on Balls
Batting: RHB Ron Major 0-0: Ball
1-0: Ball
2-0: Foul Ball, location: 2F
2-1: Foul Ball, location: 2F
2-2: Ball
3-2: Ground out 5-3 (Groundball, 56, EV 100.6 MPH)
Tom Tate scores
Joe Weissman to third
Ryan Brown to second
Batting: RHB Brent Little 0-0: Ground out 6-3 (Groundball, 6, EV 89.4 MPH)
Bottom of the 4th over - 1 run, 2 hits, 0 errors, 2 left on base; Los Angeles (NYP) 1 - Tri-City 1
TOP OF THE 5TH
Los Angeles (NYP) Dodgers batting - Pitching for Tri-City Dust Devils : RHP Sean Fowler
Batting: RHB Eddie Perry 0-0: Swinging Strike
0-1: Swinging Strike
0-2: Ball
1-2: Strikes out swinging
Batting: RHB Jonathan Quijada 0-0: Foul Ball, location: 2F
0-1: Ball
1-1: Ground out 6-3 (Groundball, 6S, EV 84.4 MPH)
Batting: RHB Mario Mejia 0-0: Ball
1-0: SINGLE (Groundball, 6MS, EV 68.1 MPH) (infield hit)
Batting: RHB Leo Cuellar 0-0: Ball
Mario Mejia steals 2nd base
1-0: Ball
2-0: Called Strike
2-1: Ball
Passed Ball!
Mario Mejia to third
3-1: SINGLE (Flyball, 89S, EV 93.1 MPH)
Mario Mejia scores
Batting: RHB John Piccolo 0-0: Called Strike
Leo Cuellar steals 2nd base
0-1: Foul Ball, location: 2F
0-2: Strikes out looking
Top of the 5th over - 1 run, 2 hits, 0 errors, 1 left on base; Los Angeles (NYP) 2 - Tri-City 1
BOTTOM OF THE 5TH
Tri-City Dust Devils batting - Pitching for Los Angeles (NYP) Dodgers : LHP Justin Pirie
Batting: RHB Ruben Luis 0-0: Called Strike
0-1: Foul Ball, location: 2F
0-2: Ball
1-2: Foul Ball, location: 2F
1-2: Foul Ball, location: 2F
1-2: Ball
2-2: Fly out, F5 (Line Drive, 5, EV 61.9 MPH)
Batting: RHB Ryan Tatum 0-0: Called Strike
0-1: Ball
1-1: Ball
2-1: Called Strike
2-2: Foul Ball, location: 2F
2-2: Ball
3-2: Base on Balls
Batting: LHB Frank McConnell 0-0: Ball
1-0: Ball
Ryan Tatum steals 2nd base
2-0: Ball
3-0: Base on Balls
Batting: RHB Tom Tate 0-0: Called Strike
0-1: Ball
1-1: Called Strike
1-2: Ball
2-2: Foul Ball, location: 2F
2-2: Ball
Wild Pitch!
Ryan Tatum to third
Frank McConnell to second
3-2: Foul Ball, location: 2F
3-2: Base on Balls
Batting: RHB Derrick Abrams 0-0: Ball
1-0: Ball
2-0: Ball
3-0: Called Strike
3-1: Base on Balls
Ryan Tatum scores
Frank McConnell to third
Tom Tate to second
Batting: RHB Joe Weissman 0-0: Ball
1-0: Ball
2-0: Ball
3-0: Base on Balls
Frank McConnell scores
Tom Tate to third
Derrick Abrams to second
Pitching: RHP Cody Colburn
Batting: SHB Ryan Brown 0-0: Ball
Passed Ball!
Tom Tate scores
Derrick Abrams to third
Joe Weissman to second
1-0: Ball
2-0: Ground out 3-1 (Groundball, 34, EV 107.5 MPH)
Derrick Abrams scores
Joe Weissman to third
Batting: RHB Ron Major 0-0: Called Strike
0-1: Swinging Strike
0-2: Ground out 5-3 (Groundball, 5, EV 86.2 MPH)
Bottom of the 5th over - 4 runs, 0 hits, 0 errors, 1 left on base; Los Angeles (NYP) 2 - Tri-City 5
TOP OF THE 6TH
Los Angeles (NYP) Dodgers batting - Pitching for Tri-City Dust Devils : RHP Sean Fowler
Batting: LHB Kippy McGrath 0-0: Ball
1-0: Called Strike
1-1: Ground out 4-3 (Groundball, 34, EV 95.6 MPH)
Batting: SHB Chris Ackerson 0-0: Ball
1-0: Fly out, F9 (Flyball, 9D, EV 107.5 MPH)
Batting: LHB Bobby Gambrell 0-0: SINGLE (Line Drive, 9S, EV 100.0 MPH)
Batting: LHB Fernando Amaya 0-0: Ball
1-0: Called Strike
Bobby Gambrell steals 2nd base
1-1: Swinging Strike
1-2: Ground out 4-3 (Groundball, 4, EV 88.8 MPH)
Top of the 6th over - 0 runs, 1 hit, 0 errors, 1 left on base; Los Angeles (NYP) 2 - Tri-City 5
BOTTOM OF THE 6TH
Tri-City Dust Devils batting - Pitching for Los Angeles (NYP) Dodgers : RHP Cody Colburn
Batting: RHB Brent Little 0-0: Called Strike
0-1: Ground out 6-3 (Groundball, 6S, EV 87.5 MPH)
Batting: RHB Ruben Luis 0-0: Ball
1-0: Ball
2-0: Ball
3-0: Base on Balls
Batting: RHB Ryan Tatum 0-0: Called Strike
0-1: Called Strike
0-2: Ball
1-2: Strikes out swinging
Batting: LHB Frank McConnell 0-0: Ball
Ruben Luis steals 2nd base
1-0: Swinging Strike
1-1: Foul Ball, location: 2F
1-2: Ball
2-2: Foul Ball, location: 2F
2-2: Ball
3-2: Ground out 4-3 (Groundball, 4, EV 86.9 MPH)
Bottom of the 6th over - 0 runs, 0 hits, 0 errors, 1 left on base; Los Angeles (NYP) 2 - Tri-City 5
TOP OF THE 7TH
Los Angeles (NYP) Dodgers batting - Pitching for Tri-City Dust Devils : RHP Sean Fowler
Pitching: LHP Kenny Cohn
Batting: RHB Eddie Perry 0-0: Ball
1-0: Ball
2-0: Fly out, F2 (Popup, 3SF, EV 76.2 MPH)
Batting: RHB Jonathan Quijada 0-0: Ball
1-0: Ball
2-0: Called Strike
2-1: Ball
3-1: SINGLE (Flyball, 4D, EV 96.9 MPH)
Batting: RHB Mario Mejia 0-0: Foul Ball, location: 2F
0-1: Foul Ball, location: 2F
0-2: Ball
1-2: Strikes out swinging
Batting: RHB Leo Cuellar 0-0: Ball
1-0: Ball
2-0: Ball
3-0: Base on Balls
Jonathan Quijada to second
Batting: RHB John Piccolo 0-0: Called Strike
0-1: Called Strike
0-2: Strikes out swinging
Top of the 7th over - 0 runs, 1 hit, 0 errors, 2 left on base; Los Angeles (NYP) 2 - Tri-City 5
BOTTOM OF THE 7TH
Tri-City Dust Devils batting - Pitching for Los Angeles (NYP) Dodgers : RHP Cody Colburn
Pitching: RHP Willie Alvarado
Batting: RHB Tom Tate 0-0: Ball
1-0: Ball
2-0: Fly out, F9 (Flyball, 9D, EV 93.8 MPH)
Batting: RHB Derrick Abrams 0-0: Called Strike
0-1: Ground out 6-3 (Groundball, 6, EV 105.0 MPH)
Batting: RHB Joe Weissman 0-0: Ball
1-0: Reached via error on a dropped throw from SS, E3 (Groundball, 6S, EV 85.6 MPH)
Batting: SHB Ryan Brown 0-0: Ball
1-0: Called Strike
1-1: Ball
2-1: 2-RUN HOME RUN (Flyball, 89XD, EV 98.1 MPH), Distance : 399 ft
Batting: RHB Ron Major 0-0: Swinging Strike
0-1: Called Strike
0-2: Foul Ball, location: 2F
0-2: Strikes out swinging
Bottom of the 7th over - 2 runs, 1 hit, 1 error, 0 left on base; Los Angeles (NYP) 2 - Tri-City 7
TOP OF THE 8TH
Los Angeles (NYP) Dodgers batting - Pitching for Tri-City Dust Devils : LHP Kenny Cohn
Batting: LHB Kippy McGrath 0-0: SINGLE (Flyball, 5D, EV 86.2 MPH)
Batting: SHB Chris Ackerson 0-0: Ball
1-0: Ball
2-0: Foul Ball, location: 2F
2-1: Called Strike
2-2: Foul Ball, location: 2F
2-2: Foul Ball, location: 2F
2-2: Ground out 6-3 (Groundball, 56D, EV 105.6 MPH)
Kippy McGrath to second
Pitching: RHP Angelo Radford
Batting: LHB Bobby Gambrell 0-0: Ball
1-0: Ground out 5-3 (Groundball, 56, EV 90.0 MPH)
Batting: LHB Fernando Amaya 0-0: Ball
1-0: Single, Error in OF, E9, batter to second base (Groundball, 4D, EV 101.9 MPH)
Kippy McGrath scores
Batting: RHB Eddie Perry 0-0: Called Strike
0-1: Ball
1-1: Foul Ball, location: 2F
1-2: Strikes out swinging
Top of the 8th over - 1 run, 2 hits, 1 error, 1 left on base; Los Angeles (NYP) 3 - Tri-City 7
BOTTOM OF THE 8TH
Tri-City Dust Devils batting - Pitching for Los Angeles (NYP) Dodgers : RHP Willie Alvarado
Pitching: RHP Craig Fallon
Batting: RHB Brent Little 0-0: Called Strike
0-1: Swinging Strike
0-2: Foul Ball, location: 2F
0-2: Strikes out swinging
Batting: RHB Ruben Luis 0-0: DOUBLE (Line Drive, 5D, EV 95.0 MPH)
Batting: RHB Ryan Tatum 0-0: Ball
1-0: Called Strike
1-1: Ground out 5-3 (Groundball, 5, EV 83.1 MPH)
Batting: LHB Frank McConnell 0-0: DOUBLE (Line Drive, 89D, EV 113.1 MPH)
Ruben Luis scores
Batting: RHB Tom Tate 0-0: Ball
1-0: Swinging Strike
1-1: Ball
2-1: 2-RUN HOME RUN (Line Drive, 9D, EV 100.0 MPH), Distance : 377 ft
Batting: RHB Derrick Abrams 0-0: Ball
1-0: Ball
2-0: DOUBLE (Line Drive, 78M, EV 90.0 MPH)
Batting: RHB Joe Weissman 0-0: Foul Ball, location: 2F
0-1: Ball
1-1: Foul Ball, location: 2F
1-2: Strikes out swinging
Bottom of the 8th over - 3 runs, 4 hits, 0 errors, 1 left on base; Los Angeles (NYP) 3 - Tri-City 10
TOP OF THE 9TH
Los Angeles (NYP) Dodgers batting - Pitching for Tri-City Dust Devils : RHP Angelo Radford
Batting: RHB Jonathan Quijada 0-0: Ball
1-0: Ball
2-0: Foul Ball, location: 2F
2-1: Foul Ball, location: 2F
2-2: Ball
3-2: Foul Ball, location: 2F
3-2: Foul Ball, location: 2F
3-2: Foul Ball, location: 2F
3-2: Foul Ball, location: 2F
3-2: Strikes out looking
Pinch Hitting: RHB Neal Jukic 0-0: Ground out 4-3 (Groundball, 4, EV 106.9 MPH)
Batting: RHB Leo Cuellar 0-0: Ball
1-0: Foul Ball, location: 2F
1-1: Called Strike
1-2: SINGLE (Line Drive, 89S, EV 106.2 MPH)
Batting: RHB John Piccolo 0-0: Called Strike
0-1: Called Strike
0-2: Foul Ball, location: 2F
0-2: Strikes out swinging
Top of the 9th over - 0 runs, 1 hit, 0 errors, 1 left on base; Los Angeles (NYP) 3 - Tri-City 10
Thursday, March 31st , 2022 - OOTP Baseball 22.12 Build 89